 Seeded DCSS version 0.29.1-2-gbd0b4ee654 (webtiles) character file.

Game seed: 120811152022 (custom seed)

151 jamestheduck25 the Chopper (level 5, -1/47 HPs)
             Began as a Minotaur Berserker on Nov 15, 2022.
             Was a Believer of Trog.
             Killed by divine providence
             ... invoked by an orc priest
              (9 damage)
             ... on level 3 of the Dungeon.
             The game lasted 00:02:38 (1686 turns).

jamestheduck25 the Chopper (Minotaur Berserker)     Turns: 1686, Time: 00:02:38

Health: -1/47      AC:  2    Str: 24    XL:     5   Next: 10%
Magic:  4/4        EV: 12    Int:  4    God:    Trog [**....]
Gold:   135        SH:  0    Dex:  9    Spells: 4/4 levels left

rFire   . . .      SeeInvis .   a - +0 hand axe
rCold   . . .      Faith    .   (no shield)
rNeg    . . .      Spirit   .   b - +0 animal skin
rPois   .          Reflect  .   (helmet restricted)
rElec   .          Harm     .   (no cloak)
rCorr   .          Rampage  .   (no gloves)
Will    .....                   (no boots)
Stlth   +.........              (no amulet)
HPRegen 0.15/turn               (no ring)
MPRegen 0.09/turn               (no ring)

@: no status effects
A: horns 2, retaliatory headbutt
a: Renounce Religion, Berserk, Trog's Hand


You were on level 3 of the Dungeon.
You worshipped Trog.
Trog was pleased with you.
You visited 1 branch of the dungeon, and saw 4 of its levels.

You collected 135 gold pieces.

Inventory:

Hand Weapons
 a - a +0 hand axe (weapon)
Missiles
 m - 3 boomerangs (quivered)
Armour
 b - a +0 animal skin (worn)
Wands
 p - a wand of iceblast (7)
Scrolls
 c - a scroll of magic mapping {unknown}
 d - a scroll of brand weapon {unknown}
 e - a scroll of vulnerability {unknown}
 f - a scroll of butterflies {unknown}
 i - a scroll of acquirement {unknown}
 l - a scroll of fear {unknown}
 n - a scroll of immolation {unknown}
 o - 2 scrolls of teleportation {unknown}
Potions
 g - 2 potions of curing
 h - a potion of haste {unknown}
 j - a potion of mutation {unknown}
 k - a potion of flight {unknown}
 q - a potion of ambrosia {unknown}
 r - a potion of attraction {unknown}


   Skills:
 + Level 4.6 Fighting
 + Level 4.7 Axes
 + Level 3.8 Armour
 + Level 3.4 Dodging


You had 4 spell levels left.
You didn't know any spells.
Your spell library was empty.

Dungeon Overview and Level Annotations

Branches:
Dungeon (4/15)
 Temple: D:4-7

Altars:

Shops:
D:1 :


Innate Abilities, Weirdness & Mutations

You have a pair of horns on your head.
You reflexively headbutt those who attack you in melee.


Message History

There are monsters nearby!
You hit the orc but do no damage. Your headbutt misses the orc.
You hit the orc. The orc barely misses you.
There are monsters nearby!
You hit the orc but do no damage. Your headbutt misses the orc.
The orc is heavily wounded.
You hit the orc wizard but do no damage.
You hit the orc. The orc hits you with a +0 hand axe.
The orc hits you with a +0 flail! The orc hits you with a +0 hand axe.
You hit the orc but do no damage. You headbutt the orc, but do no damage.
The orc is heavily wounded.
You hit the orc. You hit the orc wizard.
The orc priest invokes the aid of Beogh against you.
Beogh smites you! The orc barely misses you.
There are monsters nearby!
You are too injured to fight recklessly!
There are monsters nearby!
You are too injured to fight recklessly!
There are monsters nearby!
You are too injured to fight recklessly!
There are monsters nearby!
You are too injured to fight recklessly!
There are monsters nearby!
You are too injured to fight recklessly!
You barely miss the orc wizard. Your headbutt misses the orc wizard.
The orc wizard is moderately wounded.
You hit the orc. You barely miss the orc.
The orc wizard hits you with a +0 dagger.
The orc hits you with a +0 flail.
* * * LOW HITPOINT WARNING * * *
You closely miss the orc wizard.
The orc wizard is moderately wounded.
You closely miss the orc. You hit the orc.
You kill the orc!
Trog accepts your kill. The orc wizard misses you.
The orc hits you with a +0 hand axe.
* * * LOW HITPOINT WARNING * * *
The orc priest mumbles some strange prayers to Beogh against you.
Beogh smites you!
You die...

### ..# #. #.# #.
#.###############
##.#####.##.....ooo.....
.....#..(.......@o.....#
...............#####.#.#
#.#.#<.|.#.#..# #.#
#.#.#.###..#..# #.# #.#...#
#..#$.# #.# #.###.###.##..#
#.# #.# #.###†...###..###
#.# #.#
##.##............###.####.#
...........#####........#.#


You could see an orc priest, an orc wizard and 2 orcs.

Vanquished Creatures
  A jelly (D:4)
  A hound (D:3)
  An iguana (D:4)
  An adder (D:4)
  A worm (D:3)
  3 orcs (D:3)
  5 endoplasms
  4 giant cockroaches
  5 goblins
  5 hobgoblins
  8 jackals
  A quokka (D:1)
  5 ball pythons
  A frilled lizard (D:2)
  4 kobolds
  6 rats
52 creatures vanquished.

Vanquished Creatures (others)
  3 plants (D:2)
3 creatures vanquished.

Grand Total: 55 creatures vanquished

Notes
Turn   | Place    | Note
-------+----------+-------------------------------------------
     0 | D:1      | jamestheduck25 the Minotaur Berserker began the quest for
                  | the Orb.
     0 | D:1      | Reached XP level 1. HP: 19/19 MP: 0/0
   317 | D:1      | Found Sufenoff's Book Emporium.
   370 | D:1      | Reached XP level 2. HP: 24/27 MP: 1/1
   993 | D:2      | You fall into a shaft and drop 2 floors!
   998 | D:4      | Reached XP level 3. HP: 21/33 MP: 2/2
  1274 | D:4      | Reached XP level 4. HP: 41/41 MP: 3/3
  1415 | D:3      | Reached ** piety under Trog
  1537 | D:3      | Reached XP level 5. HP: 45/47 MP: 4/4
  1686 | D:3      | Killed from afar by an orc priest

Illustrated notes

Levels and vault maps discovered:
D:1:      wander_arrival_fairy_ring, layout_basic, serial_shops, shop_fountains
D:2:      layout_loops_ring, dilly_ecumenical_altar_fadedgnrine,
          chequers_big_river, minmay_misc_feat_rows, uniq_natasha
D:3:      layout_loops_ring, minmay_close_crescents, uniq_crazy_yiuf_cottage
D:4:      layout_rooms, serial_shops, kennysheep_little_box, grunt_ministairs_15

Skill      XL: |  1  2  3 |
---------------+----------+-----
Axes           | 4 |  4.7
Fighting       | 4 |  4.6
Armour         | 3 |  3.8
Dodging        | 3 |  3.4

Action                   |  1- 3 |  4- 6 || total
-------------------------+-------+-------++-------
Melee: Hand axe          |    54 |    44 ||    98
       Headbutt          |     8 |     6 ||    14
  Use: Potion            |     1 |       ||     1
Armor: Animal skin       |     3 |     5 ||     8
Dodge: Dodged            |    33 |    19 ||    52
